 Dungeon Crawl Stone Soup version 0.29-a0-925-g0a7a3d12f8 (webtiles) character file.

Game seed: 2789529768311954039

1426 flotson the Trooper (level 8, -1/62 HPs)
             Began as a Demonspawn Delver on July 29, 2022.
             Was an Initiate of Gozag.
             Slain by an orc wizard
             ... wielding a +0 dagger
              (3 damage)
             ... on level 5 of the Dungeon.
             The game lasted 00:16:27 (7969 turns).

flotson the Trooper (Demonspawn Delver)             Turns: 7969, Time: 00:16:27

Health: -1/62      AC:  6    Str: 14    XL:     8   Next: 44%
Magic:  8/8        EV: 19    Int: 11    God:    Gozag
Gold:   606        SH:  0    Dex: 22    Spells: 7/7 levels left

rFire   . . .      SeeInvis .   b - +2 scythe (pain)
rCold   + + .      Faith    .   (shield currently unavailable)
rNeg    . . .      Spirit   .   i - +2 leather armour of Snakes and Ladders {rC++}
rPois   .          Reflect  .   (helmet restricted)
rElec   .          Harm     .   C - +0 cloak
rCorr   .          Rampage  .   (no gloves)
Will    .....                   (no boots)
Stlth   +++.......              (no amulet)
HPRegen 0.20/turn               e - +6 ring of dexterity
MPRegen 0.11/turn               s - +4 ring of slaying

@: agile, gold aura
A: antennae 2, powered by pain 1, demonic magic 2
a: Renounce Religion, Potion Petition, Call Merchant, Bribe Branch


You were on level 5 of the Dungeon.
You worshipped Gozag.
Gozag was pleased with you.
You visited 1 branch of the dungeon, and saw 6 of its levels.

You collected 707 gold pieces.
You paid 101 gold pieces to Gozag.

Inventory:

Hand Weapons
 a - a +2 whip of freezing
 b - a +2 scythe of pain (weapon)
 q - a +0 spear
Missiles
 j - 2 boomerangs
 k - 8 poisoned darts
 l - 5 javelins (quivered)
Armour
 i - the +2 leather armour of Snakes and Ladders (worn) {rC++}
   (You found it on level 4 of the Dungeon)

   rC:        It greatly protects you from cold.
 C - a +0 cloak (worn)
Jewellery
 e - a +6 ring of dexterity (left hand)
 o - a ring of protection from fire
 s - a +4 ring of slaying (right hand)
Wands
 g - a wand of digging (1)
 x - a wand of flame (15)
Scrolls
 c - a scroll of fog
 d - 4 scrolls of immolation {unknown}
 f - a scroll of poison {unknown}
 h - 2 scrolls of identify {unknown}
 m - 2 scrolls of enchant armour {unknown}
 p - 2 scrolls of vulnerability {unknown}
 t - a scroll of butterflies {unknown}
 u - a scroll of teleportation {unknown}
 y - a scroll of blinking {unknown}
 A - 2 scrolls of silence {unknown}
Potions
 n - 3 potions of brilliance
 r - a potion of flight {unknown}
 v - a potion of mutation {unknown}
 w - a potion of berserk rage {unknown}
 z - a potion of degeneration {unknown}
 B - a potion of curing {unknown}


   Skills:
 + Level 5.2 Fighting
 + Level 3.6(3.8) Axes
 - Level 1.7(2.9) Polearms
 + Level 3.7 Throwing
 + Level 3.6 Armour
 + Level 4.1 Dodging
 - Level 4.5 Stealth
 + Level 4.0 Evocations


You had 7 spell levels left.
You didn't know any spells.
Your spell library contained the following spells:

 Spells                   Type           Power      Damage    Failure   Level
 Foxfire                  Conj/Fire      0%         2x1d4     41%         1
 Magic Dart               Conj           0%         1d3       41%         1
 Flame Wave               Conj/Fire      0%         2d4       99%         4
 Fulminant Prism          Conj/Hex       0%         3d6       99%         4
 Death's Door             Necr           0%         N/A       100%        9


Dungeon Overview and Level Annotations

Branches:
Dungeon (6/15)
 Temple: D:4-7

Altars:
Ashenzari
Gozag
Makhleb
Okawaru
Sif Muna
Uskayaw

Shops:
D:4 *

Annotations:
D:5 3 runed translucent doors, bchevrier's ghost, novice GnWn; greasedhog's ghost, novice GrHu


Innate Abilities, Weirdness & Mutations

You have a pair of antennae on your head.
You sometimes gain a little power by taking damage.
Spells you cast may paralyse nearby enemies.


Message History

Unknown command.
You completely miss the orc priest. The orc warrior misses you.
Something hits you.
Deactivating autopickup; reactivate with Ctrl-A.
The orc wizard casts a spell at you. The puff of flame misses you.
The orc priest hits you with a +0 hand axe.
Unknown command.
You barely miss the orc priest.
The orc warrior hits you with a +1 mace of protection.
The orc wizard gestures wildly while chanting.
The orc wizard flickers and vanishes!
The orc priest barely misses you. Something hits you.
The orc priest misses you.
You hear some strange, mumbled words.
A puff of flame appears from out of thin air!
The puff of flame hits you.
The orc warrior hits you with a +1 mace of protection!
* * * LOW HITPOINT WARNING * * *
You hear some strange, mumbled words.
Something tries to affect you, but you resist.
You puncture the orc priest!
The orc priest is heavily wounded.
The orc warrior closely misses you. Something barely misses you.
Something hits you.
* * * LOW HITPOINT WARNING * * *
The orc priest closely misses you.
You hit the orc priest.
The orc priest is almost dead.
The orc warrior completely misses you. Something hits you.
* * * LOW HITPOINT WARNING * * *
You hear some strange, mumbled words.
A puff of flame appears from out of thin air!
The puff of flame hits you!
* * * LOW HITPOINT WARNING * * *
The orc priest barely misses you.
You puncture the orc priest!
You kill the orc priest!
The orc warrior misses you. Something hits you.
You die...
Your body crumbles into a pile of gold.

.......................#
...#..................##
..##.................##
.###............#.#### ########
## #.........##....#######.......
#.............................
####..........###.....####.......
..............##{$....###########
...............)@o.##...####.....
...........[..#{###..............
....#........##.# #..............
#...........##..# #..............
................###.........#####
#...##.....[................#
#...##......................#
#...#########################
#####


You could see an orc warrior.

Vanquished Creatures
  Pikel (D:4)
  Sigmund (D:2)
  Edmund (D:5)
  An ogre (D:5)
  3 lemures
  2 phantoms (D:5)
  2 scorpions (D:5)
  An orc priest (D:5)
  3 hounds (D:5)
  An iguana (D:4)
  An orc wizard (D:4)
  9 adders
  2 ufetubi
  3 worms
  A dart slug (D:3)
  17 orcs
  3 endoplasms
  3 giant cockroaches
  11 goblins
  12 hobgoblins
  5 jackals
  A quokka (D:2)
  8 ball pythons
  4 bats
  6 frilled lizards
  7 kobolds
  5 rats
114 creatures vanquished.

Notes
Turn   | Place    | Note
-------+----------+-------------------------------------------
     0 | D:5      | flotson the Demonspawn Delver began the quest for the Orb.
     0 | D:5      | Reached XP level 1. HP: 18/18 MP: 1/1
     4 | D:5      | Got Ereshkigal's Commentary on Grim Arcane Weapons
    30 | D:4      | Found a burning altar of Makhleb.
    34 | D:4      | Identified the +2 leather armour of Snakes and Ladders
                  | {rC++}
    55 | D:4      | Found a hide-covered altar of Uskayaw.
   209 | D:4      | Noticed an iguana
   327 | D:4      | Gained mutation: You sometimes gain a little power by
                  | taking damage. [demonic ancestry]
   327 | D:4      | Reached XP level 2. HP: 24/24 MP: 2/2
   558 | D:4      | Noticed a lemure
   558 | D:4      | Noticed a lemure
   559 | D:4      | Noticed a lemure
   560 | D:4      | Noticed Pikel
   562 | D:4      | Noticed a lemure
   681 | D:2      | Noticed Sigmund
   716 | D:2      | Reached skill level 1 in Evocations
   716 | D:2      | Reached XP level 3. HP: 18/29 MP: 3/3
  1134 | D:1      | Reached skill level 1 in Axes
  1661 | D:1      | Reached skill level 1 in Throwing
  1661 | D:1      | Reached skill level 1 in Armour
  1817 | D:1      | Gained mutation: Spells you cast may paralyse adjacent
                  | enemies. [demonic ancestry]
  1817 | D:1      | Reached XP level 4. HP: 30/35 MP: 4/4
  2176 | D:2      | Found an opulent altar of Gozag.
  2201 | D:2      | HP: 2/52 [poisoned by an adder]
  2241 | D:2      | Became a worshipper of Gozag Ym Sagoz the Greedy
  2943 | D:3      | Found a faded altar of an unknown god.
  3376 | D:3      | Gained mutation: You have a pair of small antennae on your
                  | head. [demonic ancestry]
  3376 | D:3      | Reached XP level 5. HP: 40/41 MP: 5/5
  3643 | D:3      | Found a broken altar of Ashenzari.
  4053 | D:3      | Found a broken altar of Ashenzari.
  4097 | D:3      | Found a faded altar of an unknown god.
  4822 | D:2      | Killed Sigmund
  4823 | D:2      | Reached XP level 6. HP: 36/48 MP: 6/6
  5096 | D:3      | Found a faded altar of an unknown god.
  5619 | D:3      | Found a broken altar of Ashenzari.
  6086 | D:4      | Killed Pikel
  6087 | D:4      | Reached skill level 4 in Fighting
  6087 | D:4      | Gained mutation: You have a pair of antennae on your head.
                  | [demonic ancestry]
  6087 | D:4      | Reached XP level 7. HP: 15/55 MP: 7/7
  6359 | D:4      | Found Heucsaaf's Fire Supplies.
  6693 | D:5      | Found an iron altar of Okawaru.
  6713 | D:5      | Found a shimmering blue altar of Sif Muna.
  6911 | D:5      | Found a runed translucent gate.
  6912 | D:5      | Found a runed translucent gate.
  6912 | D:5      | Found a runed translucent gate.
  6913 | D:5      | Noticed bchevrier's ghost (novice GnWn)
  6913 | D:5      | Noticed greasedhog's ghost (novice GrHu)
  6963 | D:5      | Gained mutation: Spells you cast may paralyse nearby
                  | enemies. [demonic ancestry]
  6963 | D:5      | Reached XP level 8. HP: 59/61 MP: 8/8
  7175 | D:5      | Noticed Edmund
  7187 | D:5      | Killed Edmund
  7188 | D:5      | Reached skill level 5 in Fighting
  7192 | D:5      | HP: 3/62 [phantom (2)]
  7968 | D:5      | HP: 2/62 [something/puff of flame (8)]
  7969 | D:5      | Slain by an orc wizard

Illustrated notes

Levels and vault maps discovered:
D:1:      dpeg_arrival_fog, layout_rooms, chequers_serial_rivers_small_b,
          corexii_item_surrounded_by_moat
D:2:      layout_basic, basic_altar, minivault_11, grunt_ministairs_13,
          uniq_sigmund
D:3:      cheibrodos_greedy_goblins, layout_basic, mainiacjoe_overflow_alcove_4,
          ebering_ecumenical_altar_abandoned, minmay_splitting_lines
D:4:      layout_gridville, mainiacjoe_overflow_large_starburst,
          nicolae_shop_fire_sale [nicolae_sub_dead_trees], uniq_pikel
D:5:      layout_rooms, general_overflow_altar, okawaru_ov_weapons_minmay,
          gammafunk_ghost_cemetery, uniq_edmund
D:6:      layout_cave_pools, lemuel_round_altar

Skill      XL: |  1  2  3  4  5  6  7  8 |
---------------+-------------------------+-----
Dodging        | 2 3 4 |  4.1
Evocations     | 1 2 3 4 |  4.0
Axes           | 1 2 3 |  3.6
Throwing       | 1 2 3 |  3.7
Armour         | 1 2 3 |  3.6
Fighting       | 4 5 |  5.2
Polearms       | |  1.7
Stealth        | |  4.5

Action                   |  1- 3 |  4- 6 |  7- 9 || total
-------------------------+-------+-------+-------++-------
Melee: Spear             |   147 |   146 |       ||   293
       Punch             |       |     1 |       ||     1
       Halberd           |       |    28 |    97 ||   125
Throw: Javelin           |       |     4 |     4 ||     8
       Dart              |       |     3 |       ||     3
Evoke: Wand              |     1 |     1 |       ||     2
  Use: Scroll            |     3 |     1 |       ||     4
       Potion            |       |     8 |     2 ||    10
 Stab: Sleeping          |     8 |    10 |     6 ||    24
       Distracted        |       |       |     2 ||     2
Armor: Leather armour    |    58 |    42 |    19 ||   119
       Skin              |       |    31 |    11 ||    42
Dodge: Dodged            |   111 |    92 |    71 ||   274

Table legend: (Time is in decaauts)
 A = Elapsed time spent in this place.
 B = Non-inter-level travel time spent in this place.
 C = Inter-level travel time spent in this place.
 D = Time resting spent in this place.
 E = Time spent auto-exploring this place.
 F = Levels seen in this place.
 G = Mean time per level.
                   A        B        C        D        E       F      G
               +--------+--------+--------+--------+--------+-----+--------+
         Total |   8006 |   7771 |    235 |    608 |   5767 |   6 | 1334.3 |
       Dungeon |   8006 |   7771 |    235 |    608 |   5767 |   6 | 1334.3 |
               +--------+--------+--------+--------+--------+-----+--------+

Top non-repeatable levels by time:
     D:3: 2605 daAuts
     D:2: 1581 daAuts
     D:4: 1410 daAuts
     D:5: 1329 daAuts
     D:1: 1036 daAuts
     D:6: 42 daAuts
